 Dungeon Crawl Stone Soup version 0.21.1-1-g345015f (webtiles) character file.

2465 Fang the Cleaver (level 9, -5/56 HPs)
             Began as a Gargoyle Berserker on May 11, 2018.
             Was an Elder of Trog.
             Slain by MayorMcCheese's ghost (14 damage)
             ... on level 7 of the Dungeon.
             The game lasted 00:13:48 (5178 turns).

Fang the Cleaver (Gargoyle Berserker)               Turns: 5178, Time: 00:13:50

Health: -5/56      AC: 13    Str: 24    XL:     9   Next: 50%
Magic:  9/9        EV: 14    Int:  8    God:    Trog [****..]
Gold:   230        SH:  0    Dex: 14    Spells: 8/8 levels left

rFire    . . .     SeeInvis +   n - +1 war axe (chop)
rCold    . . .     Gourm    .   (no shield)
rNeg     + . .     Faith    .   b - +2 animal skin
rPois    ∞         Spirit   .   f - +2 helmet {SInv}
rElec    +         Reflect  .   (no cloak)
rCorr    .         Harm     .   (no gloves)
MR       .....                  (no boots)
Stlth    ++++......             (no amulet)
HPRegen  0.18/turn              i - ring of stealth
MPRegen  0.11/turn              t - +5 ring of dexterity

@: berserk cooldown, slowed, very slow
A: negative energy resistance 1, electricity resistance, unbreathing,
petrification resistance, rot immunity, AC +6
a: Berserk, Trog's Hand, Brothers in Arms, Burn Spellbooks, Renounce Religion


You were on level 7 of the Dungeon.
You worshipped Trog.
Trog was greatly pleased with you.
You were hungry.

You visited 1 branch of the dungeon, and saw 7 of its levels.

You collected 230 gold pieces.

Inventory:

Hand Weapons
 n - a +1 war axe of chopping (weapon)
Armour
 b - a +2 animal skin (worn)
 f - a +2 helmet of see invisible (worn)
Jewellery
 i - a ring of stealth (left hand)
 k - an uncursed ring of resist corrosion
 t - a +5 ring of dexterity (right hand)
Wands
 a - a wand of paralysis (7)
 h - a wand of clouds (7)
 p - a wand of digging (5)
Scrolls
 d - 4 scrolls of teleportation
 e - 3 scrolls of fear
 l - 6 scrolls of remove curse
Potions
 g - a potion of might
 j - a potion of heal wounds
 m - a potion of mutation
 o - 3 potions of curing
 q - a potion of magic {unknown}
 r - a potion of lignification
 s - a potion of agility
 u - a potion of haste
Comestibles
 c - 8 rations
 v - 6 chunks of flesh


   Skills:
 + Level 6.8 Fighting
 + Level 8.3 Axes
 + Level 2.4 Armour
 + Level 4.6 Dodging
 + Level 5.7 Stealth


You had 8 spell levels left.
You didn't know any spells.

Dungeon Overview and Level Annotations

Branches:
Dungeon (7/15)             Temple (0/1) D:6

Altars:
Gozag
Makhleb
Okawaru
Sif Muna
Trog
Uskayaw
Vehumet
Zin
The Shining One

Shops:
D:4 *   D:5 *   D:7 =

Annotations:
D:7 MayorMcCheese's ghost, novice GrBe


Innate Abilities, Weirdness & Mutations

You are resistant to torment.
Your stone body is resilient. (AC +6)
You are immune to poison.
You resist negative energy. (rN+)
You are resistant to electric shocks. (rElec)
You can survive without breathing.
You are immune to petrification.
You are immune to rotting.


Message History

The jackal bites you but does no damage.
MayorMcCheese's ghost screams in joy, "As in life, so in death: Kill!
Kill!!
Kill!!!"
MayorMcCheese's ghost hits you!
A worker ant comes into view.
You barely miss MayorMcCheese's ghost.
MayorMcCheese's ghost is severely damaged.
The worker ant twitches its antennae in your direction.
You hit the ogre. You closely miss the jackal. The jackal barely misses you.
The ogre misses you. MayorMcCheese's ghost hits you.
The jackal barely misses you.
The ogre hits you with a giant spiked club.
You are too injured to fight recklessly!
Unknown command.
The jackal misses you.
MayorMcCheese's ghost yells, "Who would have thought, even in death it is a pleasure to sever!"
MayorMcCheese's ghost hits you!
* * * LOW HITPOINT WARNING * * *
The jackal bites you but does no damage.
MayorMcCheese's ghost hits you!
You die...

....> ....#...
...... .........
......##.#.∩.#..
#..#............
#.........#....
#.............
#....h....<...
#....@W.......
#.....O........
#...)..........
#.#...a........
# #.)....%.....
#...#........
#...#........
#...#.#.#...#


You could see an ogre, a worker ant, MayorMcCheese's ghost and a jackal.

Vanquished Creatures
  The ghost of MayorMcCheese the Skirmisher, an amateur GrBe of Trog (D:5)
  Sigmund (D:6)
  A hungry ghost (D:6)
  Menkaure (D:6)
  2 sky beasts
  A phantom (D:4)
  2 black bears
  A centaur (D:5)
  3 ogres
  A bullfrog (D:6)
  2 scorpions
  A water moccasin skeleton (D:6)
  A howler monkey (D:7)
  A quasit (D:7)
  A crimson imp (D:6)
  2 hounds
  2 jellies (D:6)
  An orc priest (D:6)
  A gnoll shaman (D:5)
  2 orc wizards (D:6)
  A centaur skeleton (D:4)
  An iguana (D:6)
  Terence (D:2)
  Jessica (D:2)
  7 worker ants
  A hound skeleton (D:6)
  4 gnolls (D:5)
  A howler monkey zombie (D:6)
  7 adders
  2 oozes
  3 adder skeletons
  4 adder zombies
  3 dart slugs (D:1)
  3 leopard geckos
  15 orcs
  A bat skeleton (D:2)
  A bat zombie (D:2)
  4 giant cockroaches
  4 goblins
  2 hobgoblins (D:3)
  12 jackals
  3 quokkas
  2 ball pythons
  9 bats
  9 frilled lizards
  A jackal zombie (D:2)
  5 kobolds
  A leopard gecko skeleton (D:4)
  A leopard gecko zombie (D:2)
  14 rats
151 creatures vanquished.

Notes
Turn   | Place    | Note
-------+----------+-------------------------------------------
     0 | D:1      | Fang the Gargoyle Berserker began the quest for the Orb.
     0 | D:1      | Reached XP level 1. HP: 14/14 MP: 1/1
    74 | D:1      | Found a glowing golden altar of the Shining One.
   100 | D:1      | Reached XP level 2. HP: 13/19 MP: 2/2
   102 | D:1      | Reached skill level 3 in Axes
   451 | D:1      | Reached XP level 3. HP: 18/24 MP: 3/3
   466 | D:1      | Reached ** piety under Trog
   668 | D:2      | Found a bloodstained altar of Trog.
   757 | D:2      | Noticed Terence
   758 | D:2      | Found an opulent altar of Gozag.
   762 | D:2      | Noticed Jessica
   771 | D:2      | Killed Terence
   771 | D:2      | Reached XP level 4. HP: 29/29 MP: 4/4
   772 | D:2      | Killed Jessica
   835 | D:2      | Noticed a black bear
   840 | D:2      | Killed a black bear
   840 | D:2      | Reached skill level 4 in Axes
   840 | D:2      | Reached XP level 5. HP: 34/34 MP: 5/5
   977 | D:2      | Noticed a dagger
   977 | D:2      | Noticed an enchanted dagger
   997 | D:2      | Found a hide-covered altar of Uskayaw.
  1453 | D:3      | Reached XP level 6. HP: 34/40 MP: 6/6
  1861 | D:3      | Reached skill level 1 in Stealth
  1890 | D:3      | Found a radiant altar of Vehumet.
  2093 | D:4      | Reached skill level 5 in Fighting
  2376 | D:4      | Reached *** piety under Trog
  2380 | D:4      | Found a deep blue altar of Sif Muna.
  2396 | D:4      | Found Tupheadd's Tempting Trifles.
  2475 | D:4      | Reached skill level 5 in Axes
  2475 | D:4      | Reached XP level 7. HP: 44/44 MP: 7/7
  2674 | D:4      | Found a burning altar of Makhleb.
  2674 | D:4      | Noticed a green death
  2805 | D:5      | Entered Level 5 of the Dungeon
  2805 | D:5      | Noticed MayorMcCheese's ghost (amateur GrBe)
  3009 | D:5      | Killed MayorMcCheese's ghost
  3112 | D:5      | Reached skill level 6 in Axes
  3112 | D:5      | Reached XP level 8. HP: 46/50 MP: 8/8
  3465 | D:5      | Found a glowing golden altar of the Shining One.
  3563 | D:5      | Found Zetila's General Store.
  3725 | D:6      | Noticed Menkaure
  3802 | D:6      | Killed Menkaure
  3860 | D:6      | Reached skill level 7 in Axes
  3869 | D:6      | Found a glowing silver altar of Zin.
  4086 | D:6      | Noticed Sigmund
  4097 | D:6      | Killed Sigmund
  4184 | D:6      | Reached **** piety under Trog
  4307 | D:6      | Reached XP level 9. HP: 56/56 MP: 9/9
  4688 | D:6      | Found an iron altar of Okawaru.
  4875 | D:6      | Found a staircase to the Ecumenical Temple.
  4965 | D:7      | Found Emuaveit's Jewellery Shop.
  4980 | D:6      | Reached skill level 5 in Stealth
  4986 | D:6      | Reached skill level 8 in Axes
  5038 | D:7      | Noticed MayorMcCheese's ghost (novice GrBe)
  5178 | D:7      | Slain by MayorMcCheese's ghost

Skill      XL: |  1  2  3  4  5  6  7  8  9 |
---------------+----------------------------+-----
Axes           | 3 4 5 6 7 8 |  8.3
Fighting       | 4 5 6 |  6.8
Dodging        | 2 3 4 |  4.6
Stealth        | 2 3 4 5 |  5.7
Armour         | |  2.4

Action                   |  1- 3 |  4- 6 |  7- 9 || total
-------------------------+-------+-------+-------++-------
Melee: Hand axe          |    86 |   174 |     6 ||   266
       War axe           |       |       |   197 ||   197
Invok: Berserk           |     1 |     3 |     8 ||    12
       Burn Spellbooks   |       |       |     3 ||     3
  Use: Scroll            |       |    13 |     8 ||    21
 Stab: Sleeping          |       |     7 |    11 ||    18
       Distracted        |       |     1 |     2 ||     3
  Eat: Chunk             |       |     4 |    10 ||    14
       Ration            |       |     1 |     3 ||     4
Armor: Animal skin       |    28 |    64 |    89 ||   181
Dodge: Dodged            |    53 |   118 |   179 ||   350
